Map: 워터폴

Players

DRG

  • Race: Zerg Zerg
  • Spawn Location: 7:00

Maru - Winner!

  • Race: Terran Terran
  • Spawn Location: 1:00

Event: DreamHack SC2 Masters 2022 Atlanta (Offline)

VOD

Have the link to the VOD?

Description

Time

  • Played on: Nov. 19, 2022, 1:18 p.m.
  • Length: 7:38

All games in this series

Show
View Real Time Build Order
Export as new Build Order

DRG Zerg 

Build Orders: Hatch First 

Get SALT Encoding   

  12  0:00  Drone  
  13  0:12  Overlord  
  13  0:17  Drone  
  14  0:30  Drone x2  
  16  0:48  Hatchery  
  15  0:51  Drone  
  15  0:54  Drone  
  17  0:58  Drone  
  18  1:08  Extractor  
  17  1:14  Spawning Pool  
  17  1:16  Drone  
  17  1:20  Drone  
  18  1:28  Drone  
  19  1:38  Drone  
  20  1:51  Drone  
  21  2:01  Queen x2  
  21  2:02  Zergling x4  
  27  2:11  Overlord  
  27  2:13  Metabolic Boost  
  27  2:16  Zergling x2  
  28  2:30  Zergling x4  
  29  2:38  Hatchery  
  28  2:50  Drone x4  
  32  2:54  Drone  
  32  2:58  Drone  
  32  3:05  Queen  
  32  3:08  Drone  
  32  3:09  Overlord  
  35  3:19  Overlord  
  35  3:27  Overlord  
  35  3:28  Drone x4  
  39  3:34  Queen  
  39  3:39  Drone  
  39  3:40  Drone  
  43  3:42  Drone  
  43  3:44  Drone  
  43  3:46  Queen  
  47  3:50  Drone  
  47  3:54  Drone x3  
  51  3:58  Queen  
  53  4:05  Drone x3  
  56  4:11  Overlord  
  56  4:12  Queen  
  56  4:14  Drone  
  56  4:16  Drone  
  60  4:18  Zergling x4  
  60  4:21  Zergling x2  
  60  4:23  Drone  
  64  4:24  Drone  
  64  4:29  Queen  
  64  4:30  Overlord  
  67  4:35  Zergling x4  
  67  4:36  Queen  
  71  4:40  Zergling x2  
  71  4:43  Baneling Nest  
  71  4:44  Overlord  
  70  4:49  Zergling x8  
  70  4:52  Queen  
  76  4:56  Zergling x8  
  80  5:04  Zergling x10  
  85  5:08  Queen  
  85  5:09  Zergling x2  
  87  5:18  Zergling x4  
  89  5:24  Overlord  
  89  5:30  Lair  
  89  5:31  Overlord  
  89  5:33  Drone, Overlord  
  89  5:34  Extractor  
  90  5:35  Drone  
  90  5:40  Overlord  
  90  5:42  Queen  
  92  5:43  Overlord  
  92  5:44  Drone x6  
  92  5:49  Overlord  
  98  5:51  Drone x4  
  102  5:58  Drone  
  102  5:59  Drone  
  102  6:02  Drone x2, Extractor  
  105  6:05  Zergling x2  
  105  6:10  Zergling x6  
  108  6:13  Hatchery  
  108  6:17  Zergling x6  
  110  6:21  Zergling x6  
  110  6:23  Baneling x12  
  113  6:30  Zergling x6  
  116  6:35  Zergling x2  
  116  6:36  Zergling x8  
  121  6:46  Zergling x10  
  125  6:50  Zergling x4  
  125  6:52  Queen x2  
  125  6:54  Zergling x2  
  125  6:55  Zergling x4  
  130  7:01  Zergling x6  
  130  7:05  Zergling x6  
  128  7:10  Baneling x3  
  128  7:14  Zergling x6  
  116  7:15  Baneling  
  116  7:16  Baneling x2  
Show
View Real Time Build Order
Export as new Build Order

Maru Terran - Winner!

Build Orders:  

Get SALT Encoding   

  12  0:00  SCV  
  13  0:12  SCV  
  14  0:17  Supply Depot  
  14  0:24  SCV  
  15  0:38  SCV  
  15  0:41  Barracks  
  16  0:43  Refinery  
  16  0:50  SCV  
  17  1:00  Barracks  
  17  1:03  SCV  
  18  1:15  SCV  
  19  1:28  Reaper, Orbital Command  
  20  1:37  Supply Depot  
  20  1:47  Reaper  
  20  1:53  SCV  
  22  2:04  Reaper  
  22  2:05  SCV  
  24  2:12  Command Center  
  24  2:18  SCV  
  24  2:19  Marine  
  26  2:30  Barracks, SCV  
  27  2:40  Barracks Tech Lab  
  27  2:42  Barracks Reactor, SCV  
  28  2:49  Barracks  
  28  2:54  SCV  
  29  3:02  Marine  
  30  3:06  SCV  
  30  3:09  Stimpack  
  31  3:18  Refinery  
  31  3:20  Barracks Tech Lab  
  31  3:23  Marine x2, SCV  
  31  3:26  Orbital Command  
  34  3:29  Marine  
  35  3:35  SCV  
  35  3:36  Marine  
  35  3:40  Marine  
  35  3:41  Marine x2  
  38  3:43  Supply Depot  
  38  3:47  Marine, SCV  
  42  3:49  Combat Shield  
  42  3:52  SCV  
  42  3:54  Marine  
  44  3:58  Supply Depot, Marine  
  44  4:00  SCV  
  46  4:04  Marine x2  
  46  4:05  SCV  
  46  4:07  Marine  
  50  4:12  SCV  
  50  4:15  Marine, Factory  
  52  4:19  Supply Depot  
  52  4:20  SCV  
  52  4:21  Marine  
  54  4:25  SCV  
  54  4:27  Engineering Bay  
  54  4:29  Marine  
  56  4:32  SCV  
  56  4:33  Marine  
  56  4:35  Marine  
  56  4:37  Marine, SCV  
  61  4:42  Supply Depot  
  61  4:43  Marine  
  61  4:44  SCV  
  63  4:47  Marine  
  63  4:49  SCV  
  63  4:52  Marine  
  66  4:54  Refinery  
  66  4:56  Marine, SCV  
  66  4:57  Marine  
  69  5:01  SCV  
  69  5:02  Starport  
  69  5:03  Factory Reactor  
  70  5:08  Terran Infantry Weapons Level 1  
  70  5:09  SCV  
  70  5:11  Marine  
  70  5:13  SCV  
  73  5:21  SCV  
  73  5:23  Marine  
  73  5:25  SCV  
  73  5:28  Supply Depot  
  76  5:30  Marine x2  
  76  5:33  Supply Depot  
  76  5:35  Barracks Reactor  
  78  5:37  Supply Depot  
  78  5:42  Supply Depot  
  78  5:50  Medivac x2, SCV x2  
  78  5:55  Siege Tank  
  78  5:56  Marine x3  
  90  5:57  Marine  
  90  6:01  Supply Depot  
  91  6:12  Marine x2  
  91  6:14  Refinery, Marine x2  
  95  6:20  Medivac x2  
  95  6:23  Marine  
  100  6:31  Siege Tank  
  103  6:34  Command Center  
  103  6:36  Marine x2  
  105  6:42  Marine x3  
  105  6:43  Marine  
  109  6:54  Marine x2  
  107  6:57  Medivac  
  107  7:00  Medivac, Marine x3  
  107  7:01  Marine  
  116  7:08  SCV  
  118  7:20  Supply Depot, Barracks Reactor  
  118  7:26  SCV  
  118  7:28  Barracks  
Tags
 
Add a new tag
Caveats
  • Supply blocks, unpowered buildings, or Contaminate may cause inaccurate times.
  • Supply counts are checked every 10 seconds.